 Dungeon Crawl Stone Soup version 0.21-a0-444-g29a2fec (webtiles) character file.

556 theanonym the Archer (level 7, -6/60 HPs)
             Began as a Centaur Arcane Marksman on Nov 17, 2017.
             Shot with an arrow by a centaur (17 damage)
             ... on level 5 of the Dungeon.
             The game lasted 00:09:19 (6476 turns).

theanonym the Archer (Centaur Arcane Marksman)      Turns: 6476, Time: 00:09:20

Health: -6/60      AC:  4    Str: 14    XL:     7   Next: 8%
Magic:  8/8        EV: 14    Int: 12    God:
Gold:   232        SH:  0    Dex: 15    Spells: 5/8 levels left

rFire    . . .     SeeInvis .   b - +0 shortbow
rCold    . . .     Gourm    .   (shield currently unavailable)
rNeg     . . .     Faith    .   n - +0 leather armour
rPois    .         Spirit   .   (no helmet)
rElec    .         Reflect  .   (no cloak)
rCorr    .         Harm     .   (no gloves)
MR       .....                  (no barding)
Stlth    ++........             (no amulet)
HPRegen  0.20/turn              (no ring)
MPRegen  0.11/turn              (no ring)

@: agile, very quick
A: hooves 3, deformed body, speed 2, tough skin 3
a: no special abilities


Innate Abilities, Weirdness & Mutations

You have hooves in place of feet.
Armour fits poorly on your strangely shaped body.
You cover ground very quickly.
You have extremely tough skin. (AC +3)


   Skills:
 + Level 4.8 Fighting
 + Level 8.0 Bows
 - Level 1.3 Dodging
 - Level 1.0 Spellcasting
 - Level 2.6 Hexes


You had 5 spell levels left.
You knew the following spells:

 Your Spells              Type           Power        Failure   Level  Hunger
a - Corona                Hex            #......      13%         1    ##.....
b - Slow                  Hex            #.......     19%         2    ###....

Skill      XL: |  1  2  3  4  5  6  7 |
---------------+----------------------+-----
Bows           | 3 4 5 6 7 8 |  8.0
Fighting       | 2 3 4 |  4.8
Dodging        | |  1.3
Spellcasting   | |  1.0
Hexes          | |  2.6

Action                   |  1- 3 |  4- 6 |  7- 9 || total
-------------------------+-------+-------+-------++-------
Melee: Unarmed           |     1 |       |       ||     1
       Dagger            |   134 |   177 |    10 ||   321
       Kick              |    16 |    29 |     1 ||    46
 Fire: Shortbow          |    39 |    62 |    18 ||   119
 Cast: Corona            |     4 |     2 |     1 ||     7
       Slow              |       |     1 |       ||     1
  Use: Scroll            |       |     3 |     1 ||     4
       Potion            |       |       |     1 ||     1
  Eat: Chunk             |     5 |    10 |       ||    15
Armor: Robe              |    71 |       |       ||    71
       Leather armour    |       |    53 |     2 ||    55
Dodge: Dodged            |    84 |    91 |    13 ||   188

Inventory:

Hand Weapons
 a - a +2 dagger of flaming
   (You took it off a kobold on level 1 of the Dungeon)
 b - a +0 shortbow (weapon)
Missiles
 d - 66 arrows (quivered)
Armour
 e - a +0 robe
 n - a +0 leather armour (worn)
   (You found it on level 2 of the Dungeon)
Jewellery
 k - an uncursed amulet of rage {+Rage}
   (You found it on level 1 of the Dungeon)
Scrolls
 h - 2 scrolls of remove curse {unknown}
 i - a scroll of noise {unknown}
 r - a scroll of identify
 t - 3 scrolls of teleportation {!r}
Books
 c - a book of Debilitation

   Spells                             Type                      Level
   a - Corona                         Hexes                        1
   b - Slow                           Hexes                        2
   c - Inner Flame                    Hexes/Fire                   3
   d - Portal Projectile              Hexes/Translocation          3
   e - Cause Fear                     Hexes                        4
   f - Leda's Liquefaction            Hexes/Earth                  4
Comestibles
 f - 6 bread rations
 j - a meat ration
 m - 2 royal jellies

Dungeon Overview and Level Annotations

Branches:
Dungeon (5/15)
 Temple: D:4-7

Altars:
Xom

Annotations:
D:5 Prince Ribbit


You were on level 5 of the Dungeon.
You were not hungry.

You visited 1 branch of the dungeon, and saw 5 of its levels.

You collected 232 gold pieces.


Message History

You hit the crimson imp. You kick the crimson imp!
The crimson imp shouts, "Take thy face hence, thou erky ill-breeding hack!"
The crimson imp blinks!
You hit the crimson imp.
You kill the crimson imp!
Your Bows skill increases to level 8!
No target in view!
No target in view!
No target in view!
You start resting.
Health restored: 60 You open the door.
There is an open door here.
You open the door.
There is an open door here.
A crimson imp comes into view.
The crimson imp shouts!
The crimson imp blinks!
Found a long sword.
Prince Ribbit comes into view.
Your +2 dagger of flaming stops flaming.
b - a +0 shortbow (weapon)
Aim: Prince Ribbit You shoot an arrow.
The arrow barely misses Prince Ribbit.
Aim: Prince Ribbit (chance to defeat MR: 25%) Prince Ribbit easily resists.
You now have 7/8 mp.
Aim: Prince Ribbit You shoot an arrow.
The arrow closely misses Prince Ribbit.
Aim: Prince Ribbit You shoot an arrow.
The arrow hits Prince Ribbit.
Prince Ribbit blinks!
Aim: Prince Ribbit (lightly wounded)
You shoot an arrow. The arrow hits Prince Ribbit.
Aim: Prince Ribbit (moderately wounded)
You shoot an arrow. The arrow barely misses Prince Ribbit.
Aim: Prince Ribbit (moderately wounded)
You shoot an arrow. The arrow barely misses Prince Ribbit.
Prince Ribbit hits you!
You take 15 damage, and have 45/60 hp.
MASSIVE DAMAGE!!
Aim: Prince Ribbit (moderately wounded)
You shoot an arrow. The arrow hits Prince Ribbit.
Prince Ribbit hits you!
The crimson imp blinks!
You take 13 damage, and have 32/60 hp.
MASSIVE DAMAGE!!
You are too injured to fight recklessly!
You are too injured to fight recklessly!
Aim: Prince Ribbit (moderately wounded)
You shoot an arrow. The arrow hits Prince Ribbit!
Prince Ribbit blinks!
You feel agile all of a sudden.
Aim: Prince Ribbit (heavily wounded)
You shoot an arrow.
The arrow hits Prince Ribbit but does no damage.
MP restored: 8 Unknown command.
Aim: Prince Ribbit (heavily wounded)
You shoot an arrow. The arrow closely misses Prince Ribbit.
Aim: Prince Ribbit (heavily wounded)
You shoot an arrow. The arrow misses Prince Ribbit.
Prince Ribbit hits you but does no damage.
The crimson imp blinks!
Aim: Prince Ribbit (heavily wounded)
You shoot an arrow. The arrow misses Prince Ribbit.
Prince Ribbit hits you!
* * * LOW HITPOINT WARNING * * *
Prince Ribbit barely misses you.
You take 15 damage, and have 18/60 hp.
MASSIVE DAMAGE!!
Aim: Prince Ribbit (heavily wounded)
You shoot an arrow. The arrow closely misses Prince Ribbit.
Prince Ribbit hits you but does no damage.
Aim: Prince Ribbit (heavily wounded)
You shoot an arrow. The arrow barely misses Prince Ribbit.
Prince Ribbit hits you!
* * * LOW HITPOINT WARNING * * *
You take 8 damage, and have 10/60 hp.
Okay, then.
Really read
t - 4 scrolls of teleportation {!r}?
As you read the scroll of teleportation {!r}, it crumbles to dust.
You feel strangely unstable. Prince Ribbit misses you.
The crimson imp blinks!
Prince Ribbit closely misses you.
Prince Ribbit lets out a mournful croak.
You see here an arrow.
Prince Ribbit blinks!
Aim: Prince Ribbit (heavily wounded)
You shoot an arrow. The arrow closely misses Prince Ribbit.
Your surroundings suddenly seem different.
A centaur comes into view.
The centaur shouts!
The centaur wields a runed shortbow.
The centaur shoots an arrow.
The arrow completely misses you.
Found 16 sling bullets, 22 stones, an arrow and a glowing falchion.
Aim: a centaur, wielding a shortbow of velocity You shoot an arrow.
The arrow hits the centaur but does no damage.
The centaur shoots an arrow.
The arrow completely misses you.
Aim: a centaur, wielding a shortbow of velocity You shoot an arrow.
The arrow hits the centaur!
The centaur shoots an arrow.
The arrow closely misses you.
The centaur shoots an arrow.
The arrow completely misses you.
Aim: a centaur, wielding a shortbow of velocity (heavily wounded)
You shoot an arrow. The arrow hits the centaur!
The centaur shoots an arrow.
The arrow hits you!
You die...

#.... #....
#.... #..(.
#....####
#.......#
#.......#
#....@..#
+.(.....#
#.....(.#
.........c#
..........#
...####+#.#
... .# .)
.#


You could see a centaur.

Notes
Turn   | Place    | Note
-------+----------+-------------------------------------------
     0 | D:1      | theanonym the Centaur Arcane Marksman began the quest for the Orb.
     0 | D:1      | Reached XP level 1. HP: 16/16 MP: 2/2
    89 | D:1      | Reached skill level 3 in Bows
   238 | D:1      | Reached XP level 2. HP: 23/23 MP: 3/3
   328 | D:1      | Reached skill level 4 in Bows
   471 | D:1      | HP: 10/23 [rat (3)]
   816 | D:1      | HP: 11/23 [kobold/dagger of flaming (1)]
  1195 | D:1      | Reached XP level 3. HP: 26/28 MP: 4/4
  1224 | D:1      | Learned a level 2 spell: Slow
  1460 | D:1      | Reached skill level 5 in Bows
  1943 | D:2      | HP: 13/28 [goblin (2)]
  1948 | D:2      | HP: 6/28 [frilled lizard (1)]
  2888 | D:2      | Reached XP level 4. HP: 31/36 MP: 5/5
  3316 | D:3      | Reached skill level 2 in Fighting
  3355 | D:3      | HP: 18/36 [orc/short sword (1)]
  3868 | D:3      | Reached skill level 6 in Bows
  3868 | D:3      | Reached XP level 5. HP: 44/44 MP: 6/6
  3948 | D:3      | Reached skill level 3 in Fighting
  4299 | D:4      | Noticed an ogre
  4305 | D:4      | Killed an ogre
  4348 | D:4      | Reached XP level 6. HP: 50/51 MP: 7/7
  4506 | D:4      | Reached skill level 7 in Bows
  4738 | D:4      | HP: 16/52 [iguana (12)]
  4781 | D:4      | Reached skill level 4 in Fighting
  5873 | D:5      | Entered Level 5 of the Dungeon
  5959 | D:5      | Found a shimmering altar of Xom.
  5986 | D:5      | HP: 26/53 [hound (3)]
  5992 | D:5      | HP: 15/53 [hound (3)]
  5997 | D:4      | HP: 15/53 [hound (1)]
  6350 | D:5      | Reached XP level 7. HP: 50/60 MP: 8/8
  6380 | D:5      | Reached skill level 8 in Bows
  6449 | D:5      | Noticed Prince Ribbit
  6464 | D:5      | HP: 18/60 [Prince Ribbit (15)]
  6476 | D:5      | Shot with an arrow by a centaur

Vanquished Creatures
  An ogre (D:4)
  2 crimson imps (D:5)
  An orc priest (D:3)
  A hound (D:4)
  A bullfrog skeleton (D:4)
  A centaur skeleton (D:5)
  An orc wizard (D:3)
  An iguana (D:4)
  A hound skeleton (D:4)
  A worker ant zombie (D:5)
  A howler monkey skeleton (D:4)
  6 adders
  An adder zombie (D:5)
  4 dart slugs
  4 leopard geckos
  10 orcs
  A ball python (D:4)
  8 bats
  7 giant cockroaches
  13 goblins
  7 hobgoblins
  13 jackals
  3 quokkas
  9 frilled lizards
  11 kobolds
  9 rats
118 creatures vanquished.

Vanquished Creatures (others)
  An orc (D:5)
1 creature vanquished.

Grand Total: 119 creatures vanquished
